 Dungeon Crawl Stone Soup version 0.28-a0-69-g49dcd67cf8 (webtiles) character file.

Game seed: 9751453009100618225

22349 Blejac999 the Thaumaturge (level 13, -3/85 HPs)
             Began as a Djinni Conjurer on July 31, 2021.
             Was a Priest of Makhleb.
             Killed from afar by Fannar (10 damage)
             ... with a bolt of cold
             ... on level 11 of the Dungeon.
             The game lasted 00:44:16 (19695 turns).

Blejac999 the Thaumaturge (Djinni Conjurer)        Turns: 19695, Time: 00:44:16

Health: -3/85      AC: 24    Str:  6    XL:     13   Next: 26%
Gold:   660        EV: 14    Int: 25    God:    Makhleb [***...] SH:  5 Dex: 14

rFire   + + +      SeeInvis .   n - +6 battleaxe (freeze)
rCold   . . .      Faith    .   (shield currently unavailable)
rNeg    . . .      Spirit   .   q - +1 leather armour {Will+}
rPois   ∞          Reflect  +   c - +0 helmet
rElec   .          Harm     .   k - +2 cloak
rCorr   .          Rampage  .   v - +0 pair of gloves
Will    +....                   (boots unavailable)
Stlth   +++.......              b - amulet of reflection
HPRegen 0.24/turn               j - ring "Goan" {rPois rF+ rC+ Will-}
MPRegen 0.00/turn               a - +4 ring of protection

@: ice-armoured, unable to read, flying
A: sickness immunity, fire resistance 2, cold vulnerability 1, float, innate
caster, hp casting, extra vitality 1, agile 1, mutation resistance 1, wild magic
1, inability to read while threatened
a: Renounce Religion, Minor Destruction, Lesser Servant of Makhleb


You were on level 11 of the Dungeon.
You worshipped Makhleb.
Makhleb was most pleased with you.
You visited 3 branches of the dungeon, and saw 14 of its levels.

You collected 660 gold pieces.

Inventory:

Hand Weapons
 n - a +6 battleaxe of freezing (weapon)
Armour
 c - a +0 helmet (worn)
 k - a +2 cloak (worn)
 q - a +1 leather armour of willpower (worn)
 v - a +0 pair of gloves (worn)
Jewellery
 a - a +4 ring of protection (right hand)
 b - an amulet of reflection (around neck)
 j - the ring "Goan" (left hand) {rPois rF+ rC+ Will-}
   (You found it on level 7 of the Dungeon)

   [ring of poison resistance]

   rF:        It protects you from fire.
   rC:        It protects you from cold.
   rPois:     It protects you from poison.
   Will:      It decreases your willpower.
 p - a +6 ring of strength
 t - a ring of willpower
 x - an amulet of faith
Wands
 f - a wand of flame (27)
 m - a wand of polymorph (9)
 s - a wand of acid (7)
Scrolls
 d - 9 scrolls of identify
 g - a scroll of silence
 l - a scroll of holy word
 r - 2 scrolls of magic mapping
 u - a scroll of teleportation
 y - 2 scrolls of enchant armour
Potions
 e - 2 potions of resistance
 h - 2 potions of brilliance
 i - 6 potions of curing
 o - 2 potions of heal wounds
 z - a potion of invisibility
 B - a potion of might
 C - a potion of ambrosia
Miscellaneous
 w - a piece from Xom's chessboard (15/15)
 A - a lightning rod (4/4)


   Skills:
 + Level 4.5 Fighting
 + Level 3.4 Axes
 + Level 6.9 Armour
 + Level 7.7 Dodging
 + Level 5.1 Stealth
 + Level 4.6 Shields
 + Level 12.3 Spellcasting
 * Level 5.1 Invocations


You had 3 spell levels left.
You knew the following spells:

 Your Spells              Type           Power      Damage    Failure   Level
a - Magic Dart            Conj           100%       1d8       1%          1
b - Searing Ray           Conj           100%       3d7       1%          2
c - Dazzling Flash        Conj/Hex       100%       N/A       1%          3
d - Fulminant Prism       Conj/Hex       39%        3d18      1%          4
e - Iskenderun's Mystic   Conj/Tloc      79%        2d16      1%          4
f - Foxfire               Conj/Fire      100%       2x1d9     1%          1
g - Ensorcelled Hibernat  Hex/Ice        100%       N/A       1%          2
h - Ozocubu's Armour      Ice            79%        N/A       1%          3
i - Vampiric Draining     Necr           39%        2d11      1%          3
j - Irradiate             Conj/Tmut      39%        3d27      2%          5
k - Silence               Hex/Air        39%        N/A       2%          5
Your spell library was empty.

Dungeon Overview and Level Annotations

Branches:
Dungeon (11/15)            Temple (1/1) D:7            Lair (2/6) D:9
  Swamp: Lair:2-4    Shoals: Lair:2-4     Snake: Lair:2-4    Spider: Lair:2-4
    Orc: D:9-12

Altars:
Ashenzari
Cheibriados
Dithmenos
Elyvilon
Fedhas
Gozag
Hepliaklqana
Kikubaaqudgha
Makhleb
Nemelex Xobeh
Okawaru
Qazlal
Ru
Sif Muna
Trog
Uskayaw
Vehumet
Wu Jian
Xom
Yredelemnul
Zin
The Shining One

Annotations:
D:11 Fannar


Innate Abilities, Weirdness & Mutations

You are immune to sickness and miasma.
You are immune to poison.
Your flesh is very heat resistant. (rF++)
You are vulnerable to cold. (rC-)
You float through the air rather than walking.
You learn spells naturally, not from books.
Your magical power is your life essence.
You have superior vitality. (+4 HP)
You are agile. (Dex +2)
You are somewhat resistant to further mutation.
Your spells are a little harder to cast, but a little more powerful.
You sometimes lose the ability to read scrolls when taking damage.


Message History

(Press . to maintain the ray.) Fannar mumbles some strange words.
The ice beast closely misses you.
The searing ray hits Fannar.
Fannar is severely wounded.
Fannar gestures wildly while chanting.
The searing ray hits Fannar!
Fannar is almost dead.
The searing ray hits the ice beast.
The ice beast is lightly wounded.
Fannar hits you with a +0 quarterstaff of freezing.
Fannar freezes you. The ice beast barely misses you.
The searing ray hits Fannar but does no damage.
Fannar is almost dead.
You finish channeling your searing ray.
The ice beast barely misses you.
Fannar glares icily.
Fannar gestures at you while chanting. The bolt of cold misses you.
The ice beast hits you but does no damage.
The ice beast hits you. The ice beast freezes you!
You feel threatened and lose the ability to read scrolls!
Casting: Searing Ray (safe; 1% risk of failure)
Confirm with . or Enter, or press ? or * to list all spells.
Aiming: Searing Ray (safe; 1% risk of failure)
Press: ? - help, Shift-Dir - straight line, f/p - Fannar
Aim: Fannar, wielding a +0 quarterstaff of freezing, wearing a +2 robe of cold resistance and wearing a ring of ice (almost dead, 72% to hit)
The searing ray hits Fannar.
Fannar is almost dead. (Press . to maintain the ray.)
The ice beast completely misses you.
Fannar gestures wildly while chanting.
Fannar drains the heat from the surrounding environment!
* * * LOW HITPOINT WARNING * * *
The ice beast hits you but does no damage. x2
The searing ray misses Fannar.
* * * LOW HITPOINT WARNING * * *
The ice beast completely misses you. Fannar casts a spell at you.
The bolt of cold hits you!
You die...

#............#
#.........####
#.###.........#
#.#...........#
#.#...........#
#.#+##........####
#....#...........#
#....#...........#
#....#^...Y@Y....#
#....#....Ye.....#
#....#........#+##
######....#........#
..........'........# .....
.....?....###......#......
.....
............#......#.....#
#...
............#......#.....#
#...
.........[..#..>...#.....#
#...


You could see Fannar and 3 ice beasts.

Vanquished Creatures
  3 hydras
  3 two-headed ogres
  A death yak (Lair:1)
  An ugly thing (D:11)
  An elephant (D:9)
  A black mamba (Lair:1)
  Joseph (D:8)
  A torpor snail (Lair:1)
  2 gargoyles
  A cane toad (Lair:1)
  An unseen horror (D:11)
  2 rime drakes (Lair:1)
  Maggie (D:8)
  3 komodo dragons (Lair:1)
  Psyche (D:9)
  2 hornets (D:9)
  Prince Ribbit (D:7)
  3 trolls (D:10)
  4 blink frogs (Lair:1)
  A shadow (D:9)
  A wraith (D:9)
  29 yaks
  A wyvern (D:10)
  Grum (D:8)
  3 steam dragons
  An acid dragon (D:10)
  3 water moccasins
  2 orc warriors (D:10)
  An ice beast (D:8)
  5 black bears
  A sky beast (D:7)
  An ogre (D:6)
  19 wolves
  5 centaurs
  A kobold brigand (D:7)
  A gnoll sergeant (D:10)
  3 wyvern zombies
  2 scorpions
  7 bullfrogs
  A wyvern skeleton (D:6)
  10 killer bees
  An electric eel (Lair:1)
  2 howler monkeys
  9 wights
  A bullfrog zombie (D:6)
  A centaur zombie (D:9)
  A bullfrog skeleton (D:5)
  3 hounds
  A jelly (D:7)
  3 orc priests
  Crazy Yiuf (D:7)
  A gnoll shaman (D:10)
  Jessica (D:2)
  8 orc wizards
  A scorpion zombie (D:5)
  Natasha (thrice) (D:2)
  2 killer bee zombies (D:6)
  Robin (D:2)
  A howler monkey zombie (D:10)
  3 gnolls (D:10)
  6 adders
  A shadow imp (D:8)
  An ufetubus (D:7)
  A worm (D:2)
  A dart slug (D:3)
  22 orcs
  9 endoplasms
  A giant cockroach (D:4)
  14 goblins
  10 hobgoblins
  11 jackals
  5 quokkas
  6 ball pythons
  4 bats
  A frilled lizard (D:1)
  26 kobolds
  4 rats
299 creatures vanquished.

Vanquished Creatures (others)
  A wolf (Lair:2)
  13 foxfires
  53 fulminant prisms
  9 fungi
  92 plants
168 creatures vanquished.

Grand Total: 467 creatures vanquished

Notes
Turn   | Place    | Note
-------+----------+-------------------------------------------
     0 | D:1      | Blejac999 the Djinni Conjurer began the quest for the Orb.
     0 | D:1      | Reached XP level 1. HP: 15/15 MP: 0/0
   287 | D:1      | Reached XP level 2. HP: 17/21 MP: 0/0
   653 | D:1      | Reached XP level 3. HP: 5/25 MP: 0/0
   653 | D:1      | Learned a level 1 spell: Foxfire
  1471 | D:1      | Found a faded altar of an unknown god.
  1643 | D:2      | Reached skill level 4 in Spellcasting
  1926 | D:2      | Reached XP level 4. HP: 25/31 MP: 0/0
  2001 | D:2      | Found an iron altar of Okawaru.
  2094 | D:2      | Noticed Robin
  2111 | D:2      | Killed Robin
  2142 | D:2      | Noticed Jessica
  2144 | D:2      | Killed Jessica
  2145 | D:2      | Reached XP level 5. HP: 12/35 MP: 0/0
  2145 | D:2      | Learned a level 2 spell: Ensorcelled Hibernation
  2587 | D:2      | Noticed Natasha
  2591 | D:2      | Killed Natasha
  2765 | D:2      | Noticed Natasha
  2774 | D:2      | Killed Natasha
  2810 | D:2      | Noticed Natasha
  2813 | D:2      | Killed Natasha
  2814 | D:2      | Reached XP level 6. HP: 27/41 MP: 0/0
  3995 | D:4      | Reached skill level 5 in Spellcasting
  4168 | D:4      | Reached XP level 7. HP: 41/46 MP: 0/0
  4168 | D:4      | Learned a level 3 spell: Ozocubu's Armour
  5382 | D:4      | Found a hide-covered altar of Uskayaw.
  5578 | D:5      | Entered Level 5 of the Dungeon
  5706 | D:5      | Reached skill level 1 in Fighting
  5706 | D:5      | Reached skill level 1 in Armour
  5780 | D:5      | Reached skill level 6 in Spellcasting
  5922 | D:5      | Reached XP level 8. HP: 38/52 MP: 0/0
  6360 | D:5      | Found a blossoming altar of Fedhas.
  7396 | D:6      | Found a glowing golden altar of the Shining One.
  7751 | D:6      | Found an ornate altar of the Wu Jian Council.
  7968 | D:6      | Reached skill level 7 in Spellcasting
  8144 | D:6      | Identified the +1 ring mail of Vyzuulergh {Rampage rN++
                  | Str-5 Int-5}
  8280 | D:7      | Reached XP level 9. HP: 42/57 MP: 0/0
  8280 | D:7      | Learned a level 3 spell: Vampiric Draining
  8358 | D:7      | Noticed Prince Ribbit
  8364 | D:7      | Killed Prince Ribbit
  8495 | D:7      | Found a sparkling altar of Nemelex Xobeh.
  8570 | D:7      | Found a staircase to the Ecumenical Temple.
  8578 | Temple   | Entered the Ecumenical Temple
  8649 | Temple   | Became a worshipper of Makhleb the Destroyer
  8693 | D:7      | Noticed a two-headed ogre
  8699 | D:7      | Killed a two-headed ogre
  8700 | D:7      | Reached skill level 1 in Shields
  8700 | D:7      | Reached skill level 8 in Spellcasting
  9076 | D:7      | Reached * piety under Makhleb
  9367 | D:7      | Found a runed translucent door.
  9368 | D:7      | Noticed Crazy Yiuf
  9375 | D:7      | Killed Crazy Yiuf
  9620 | D:7      | Identified the ring "Goan" {rPois rF+ rC+ Will-}
  9895 | D:8      | Noticed Grum
  9902 | D:8      | Killed Grum
  9912 | D:7      | Reached skill level 1 in Axes
  9912 | D:7      | Reached XP level 10. HP: 48/64 MP: 0/0
 10015 | D:8      | Noticed Maggie
 10024 | D:8      | Killed Maggie
 10025 | D:8      | Reached skill level 5 in Armour
 10286 | D:8      | Reached skill level 9 in Spellcasting
 10683 | D:8      | Found a shimmering altar of Xom.
 10688 | D:8      | Noticed Joseph
 10699 | D:8      | Killed Joseph
 10867 | D:8      | Noticed a gargoyle
 11378 | D:9      | Reached skill level 5 in Dodging
 11487 | D:9      | Reached XP level 11. HP: 60/70 MP: 0/0
 11487 | D:9      | Learned a level 5 spell: Irradiate
 11568 | D:9      | Reached skill level 10 in Spellcasting
 11699 | D:10     | Entered Level 10 of the Dungeon
 11874 | D:9      | Found a staircase to the Lair.
 12031 | D:8      | Found an opulent altar of Gozag.
 12526 | Lair:1   | Entered Level 1 of the Lair of Beasts
 12530 | Lair:1   | Reached ** piety under Makhleb
 12566 | D:9      | Noticed an elephant
 12596 | D:9      | Noticed a two-headed ogre
 12605 | D:9      | Killed a two-headed ogre
 12632 | D:9      | Killed an elephant
 12695 | D:9      | Found an iron altar of Okawaru.
 13077 | D:9      | Noticed Psyche
 13093 | D:9      | Killed Psyche
 13094 | D:9      | Reached skill level 11 in Spellcasting
 14239 | Lair:1   | Noticed a six-headed hydra
 14250 | Lair:1   | Killed a six-headed hydra
 14251 | Lair:1   | Reached skill level 1 in Invocations
 14251 | Lair:1   | Reached XP level 12. HP: 72/76 MP: 0/0
 14275 | Lair:1   | Reached skill level 5 in Stealth
 15047 | Lair:2   | Noticed a six-headed hydra
 15334 | Lair:2   | Noticed a death yak
 15469 | Lair:2   | Noticed a death yak
 15737 | Lair:2   | Noticed a death yak
 16008 | Lair:1   | Killed a six-headed hydra
 16089 | Lair:2   | Noticed a death yak
 17024 | Lair:1   | Killed a death yak
 18132 | D:10     | Gained mutation: You sometimes lose the ability to read
                  | scrolls when taking damage. [potion of mutation]
 18132 | D:10     | Gained mutation: Your muscles are strong. (Str +2) [potion
                  | of mutation]
 18133 | D:10     | Lost mutation: Your muscles are strong. (Str +2) [potion of
                  | mutation]
 18133 | D:10     | Gained mutation: You are agile. (Dex +2) [potion of
                  | mutation]
 18133 | D:10     | Gained mutation: Your spells are a little harder to cast,
                  | but a little more powerful. [potion of mutation]
 18133 | D:10     | Gained mutation: You are somewhat resistant to further
                  | mutation. [potion of mutation]
 18328 | D:10     | Reached XP level 13. HP: 67/83 MP: 0/0
 18328 | D:10     | Learned a level 5 spell: Silence
 18409 | D:10     | Reached skill level 12 in Spellcasting
 19114 | D:11     | Reached *** piety under Makhleb
 19133 | D:11     | Noticed a seven-headed hydra
 19135 | D:11     | Reached skill level 5 in Invocations
 19139 | D:11     | Killed a seven-headed hydra
 19674 | D:11     | Noticed Fannar
 19695 | D:11     | Killed from afar by Fannar

Illustrated notes

Levels and vault maps discovered:
D:1:      lightli_iron_boxes, layout_loops_ring,
          shapermc_ecumenical_altar_hornbeckon, chequers_serial_rivers_micro_b
D:2:      layout_rooms, basic_altar, uniq_robin, uniq_jessica, uniq_natasha
D:3:      layout_loops_ring
D:4:      layout_basic, lemuel_coloured_pillars_altar
D:5:      layout_basic, mainiacjoe_overflow_alcove_2
D:6:      layout_basic, pdpol_wu_jian_five_deadly_venoms,
          mainiacjoe_overflow_small_starburst
D:7:      kennysheep_kobold_camp, layout_basic, lemuel_crystal_altar,
          minmay_temple_entry_arrows, uniq_prince_ribbit1,
          uniq_crazy_yiuf_cottage
D:8:      layout_rooms, grunt_gozag_statues, kennysheep_mini,
          hangedman_minor_gate_pass, uniq_grum, uniq_maggie, uniq_joseph
D:9:      layout_stronghold, okawaru_ov_weapons_minmay, david_lair_generic,
          uniq_psyche
D:10:     layout_rooms, minmay_fractal_squares_diagonal_5
D:11:     layout_irregular_city, uniq_fannar
Temple:   nicolae_temple_great_sept
Lair:1:   layout_chaotic_city, serial_bayou_shore_a, lemuel_fruit_tree,
          serial_bayou_shore_b
Lair:2:   nzn_winding_woodlands_cross [nzn_winding_woodlands_5x15_garden,
          nzn_winding_woodlands_5x15_concentric,
          nzn_winding_woodlands_5x15_longhouse,
          nzn_winding_woodlands_5x15_split_checker,
          nzn_winding_woodlands_15x15_eel_pit], layout_cave_shapes,
          hangedman_lair_unloving_vines, hellmonk_guarded_unrand_zhor

Skill      XL: |  1  2  3  4  5  6  7  8  9 10 11 12 13 |
---------------+----------------------------------------+-----
Spellcasting   | 4 5 6 7 8 9 11 12 | 12.3
Dodging        | 3 4 5 6 7 |  7.7
Stealth        | 2 3 4 5 |  5.1
Fighting       | 1 2 3 4 |  4.5
Armour         | 1 3 4 5 6 |  6.9
Shields        | 1 2 3 4 |  4.6
Axes           | 1 2 3 |  3.4
Invocations    | 1 4 5 |  5.1

Action                   |  1- 3 |  4- 6 |  7- 9 | 10-12 | 13-15 || total
-------------------------+-------+-------+-------+-------+-------++-------
Melee: Dagger            |       |     2 |       |       |       ||     2
       Battleaxe         |       |       |     4 |    22 |     2 ||    28
 Cast: Magic Dart        |    64 |    54 |   160 |   111 |    21 ||   410
       Searing Ray       |     4 |    10 |    23 |    98 |    20 ||   155
       Foxfire           |       |       |     3 |     4 |       ||     7
       Ensorcelled Hiber |       |       |     3 |     1 |       ||     4
       Fulminant Prism   |       |       |     4 |    39 |    10 ||    53
       Vampiric Draining |       |       |     2 |    11 |       ||    13
       Ozocubu's Armour  |       |       |       |     2 |     2 ||     4
Evoke: Lightning rod     |       |       |       |     1 |       ||     1
  Use: Scroll            |       |     5 |    11 |     2 |       ||    18
       Potion            |       |     2 |     6 |     7 |     2 ||    17
Armor: Robe              |     9 |     3 |       |       |       ||    12
       Leather armour    |       |     2 |    23 |   107 |    18 ||   150
       Skin              |       |       |       |       |    10 ||    10
Dodge: Dodged            |    20 |     4 |    36 |   212 |    16 ||   288
Block: Other             |       |       |     8 |    71 |     3 ||    82
       Reflection        |       |       |     1 |     3 |       ||     4

Table legend: (Time is in decaauts)
 A = Elapsed time spent in this place.
 B = Non-inter-level travel time spent in this place.
 C = Inter-level travel time spent in this place.
 D = Time resting spent in this place.
 E = Time spent auto-exploring this place.
 F = Levels seen in this place.
 G = Mean time per level.
                   A        B        C        D        E       F      G
               +--------+--------+--------+--------+--------+-----+--------+
         Total |  19766 |  19030 |    736 |   8425 |   8180 |  14 | 1411.9 |
       Dungeon |  15874 |  15375 |    499 |   6040 |   7597 |  11 | 1443.1 |
        Temple |     81 |     81 |      0 |      0 |     62 |   1 |   81.0 |
          Lair |   3809 |   3572 |    237 |   2385 |    521 |   2 | 1904.5 |
               +--------+--------+--------+--------+--------+-----+--------+

Top non-repeatable levels by time:
  Lair:1: 3750 daAuts
     D:9: 2470 daAuts
     D:7: 2158 daAuts
     D:1: 1867 daAuts
     D:4: 1777 daAuts
     D:6: 1436 daAuts
     D:8: 1299 daAuts
     D:2: 1284 daAuts
     D:5: 1220 daAuts
    D:10: 892 daAuts
    D:11: 818 daAuts
     D:3: 649 daAuts
  Temple: 81 daAuts
  Lair:2: 59 daAuts
